 Dungeon Crawl Stone Soup version 0.26-a0-64-g059e62fbdb (webtiles) character file.

Game seed: 17125379723155039094

21320 Gwenloh the Fighter (level 12, -5/113 HPs)
             Began as a Ghoul Berserker on June 11, 2020.
             Was an Elder of Trog.
             Slain by a blink frog (7 damage)
             ... on level 4 of the Lair of Beasts.
             The game lasted 00:47:55 (15270 turns).

Gwenloh the Fighter (Ghoul Berserker)              Turns: 15270, Time: 00:47:55

Health: -5/113     AC: 15    Str: 21    XL:     12   Next: 88%
Magic:  11/11      EV:  9    Int:  4    God:    Trog [****..]
Gold:   492        SH: 13    Dex: 11    Spells: 11/11 levels left

rFire    . . .     SeeInvis +   R - +0 flail (venom)
rCold    + . .     Gourm    .   H - +3 kite shield
rNeg     + + +     Faith    .   K - +0 chain mail
rPois    ∞         Spirit   .   B - +0 helmet
rElec    .         Reflect  .   p - +2 cloak
rCorr    .         Harm     .   (no gloves)
MR       .....                  (no boots)
Stlth    ..........             A - amulet of regeneration
HPRegen  0.00/turn              I - ring of see invisible
MPRegen  0.12/turn              q - +4 ring of slaying

@: rotting
A: rotting body, claws 1, carnivore, cold resistance 1, negative energy
resistance 3, inhibited regeneration, torment resistance, unbreathing
a: Trog's Hand, Brothers in Arms, Renounce Religion


You were on level 4 of the Lair of Beasts.
You worshipped Trog.
Trog was greatly pleased with you.
You were not hungry.

You visited 2 branches of the dungeon, and saw 14 of its levels.

You collected 896 gold pieces.
You spent 404 gold pieces at shops.

Inventory:

Hand Weapons
 D - a +2 whip of freezing
 P - a +1 flail of draining
 R - a +0 flail of venom (weapon)
Missiles
 i - 314 stones
 n - 15 poisoned darts (quivered)
 G - 7 atropa-tipped darts
 L - 2 throwing nets
Armour
 p - a +2 cloak (worn)
 t - a +0 plate armour
 B - a +0 helmet (worn)
 H - a +3 kite shield (worn)
 K - a +0 chain mail (worn)
Jewellery
 j - an uncursed ring of magical power
 q - a +4 ring of slaying (right claw)
 A - an amulet of regeneration (around neck)
 I - a ring of see invisible (left claw)
Wands
 e - a wand of disintegration (9)
 r - a wand of iceblast (15)
 u - a wand of random effects (37)
Scrolls
 d - 3 scrolls of immolation {unknown}
 f - a scroll of fog
 h - 2 scrolls of remove curse
 w - 7 scrolls of teleportation
 y - a scroll of blinking {unknown}
 z - a scroll of silence {unknown}
 J - a scroll of vulnerability
 M - 2 scrolls of amnesia
 Q - 3 scrolls of magic mapping
Potions
 a - a potion of mutation {unknown}
 g - 11 potions of curing
 k - a potion of invisibility
 l - 2 potions of stabbing {unknown}
 m - 5 potions of haste {unknown}
 o - a potion of berserk rage {unknown}
 v - a potion of cancellation {unknown}
 x - 4 potions of lignification {unknown}
 C - 4 potions of might {unknown}
 E - a potion of flight {unknown}
 F - 2 potions of heal wounds {unknown}
 N - a potion of resistance {unknown}
 O - 2 potions of brilliance {unknown}
Miscellaneous
 s - a phial of floods
Comestibles
 b - 4 chunks of flesh
 c - 28 rations


   Skills:
 * Level 12.6 Fighting
 * Level 10.8 Maces & Flails
 + Level 7.6 Armour
 + Level 7.7 Dodging
 + Level 7.0 Shields


You had 11 spell levels left.
You didn't know any spells.
Your spell library was empty.

Dungeon Overview and Level Annotations

Branches:
Dungeon (10/15)            Temple (0/1) D:6            Lair (4/6) D:10
 Spider (0/4) Lair:3
  Swamp: Lair:2-4    Shoals: Lair:2-4       Orc: D:9-12

Altars:
Ashenzari
Cheibriados
Dithmenos
Kikubaaqudgha
Nemelex Xobeh
Sif Muna
Uskayaw
Wu Jian
Yredelemnul
Zin
The Shining One

Shops:
D:5 =   D:8 %   D:9 [

Annotations:
D:4 1 runed translucent door, Stelteck's ghost, novice KoHu
Lair:1 exclusion: oklob plant


Innate Abilities, Weirdness & Mutations

Your body is rotting away.
You thrive on raw meat.
You are immune to poison.
You have sharp fingernails.
You are carnivorous and can eat meat at any time.
Your flesh is cold resistant. (rC+)
You are immune to negative energy. (rN+++)
You do not regenerate when monsters are visible.
You are immune to unholy pain and torment.
You can survive without breathing.


Message History

* * * LOW HITPOINT WARNING * * *
You block the hell rat's attack. You block the komodo dragon's attack.
You block the blink frog's attack. The hell rat bites you.
* * * LOW HITPOINT WARNING * * *
You block the hell rat's attack. x2; You block the komodo dragon's attack.
You see here a blink frog corpse.
You butcher the blink frog corpse.
You block the hell rat's attack. The hell rat bites you!
* * * LOW HITPOINT WARNING * * *
The hell rat closely misses you.
The komodo dragon bites you but does no damage.
You block the hell rat's attack.
Things that are here:
4 chunks of flesh; a blink frog skeleton
b - 4 chunks of flesh The blink frog hits you but does no damage.
You block the hell rat's attack.
The hell rat bites you but does no damage.
The blink frog hits you!
You die...

#P.....###
#..<....P#
#.......#
#.......#
##.......##
#........P#
#.........#
#..Fr....##
#..r@....##
#..lr.....#
##..(....##
#)..(...##
##........#
#........##
..
#........#
...
#P....(..#
#...
###.......#
######...


You could see a komodo dragon (very poisoned), a blink frog and 3 hell rats.

Vanquished Creatures
  A catoblepas (Lair:4)
  Nergalle (Lair:2)
  Pikel (D:5)
  3 black mambas
  5 spiny frogs
  3 rime drakes (Lair:3)
  3 komodo dragons
  A troll (D:10)
  Prince Ribbit (D:6)
  12 blink frogs
  A slime creature (D:7)
  2 hippogriffs
  A wraith (D:10)
  A basilisk (Lair:3)
  A hungry ghost (D:4)
  29 yaks
  Grum (D:7)
  Menkaure (D:7)
  2 water moccasins (Lair:1)
  4 porcupines
  3 orc warriors
  3 sky beasts
  A black bear (D:7)
  A necrophage (D:7)
  An eye of draining (D:10)
  8 ogres
  2 phantoms
  8 wolves
  A centaur (D:7)
  2 crocodiles
  A big kobold (D:7)
  Blork the orc (D:6)
  7 bullfrogs
  2 scorpions
  A water moccasin skeleton (D:6)
  11 killer bees
  A howler monkey (D:8)
  4 crimson imps
  A centaur zombie (D:10)
  9 hounds
  5 orc priests
  A bullfrog skeleton (D:6)
  5 jellies
  9 orc wizards
  A centaur skeleton (D:10)
  4 hell rats
  5 worker ants
  A hound skeleton (D:8)
  A worker ant zombie (D:8)
  5 adders
  A river rat (D:4)
  A shadow imp (D:10)
  12 oozes (D:7)
  An adder skeleton (D:8)
  An adder zombie (D:9)
  6 worms
  A dart slug (D:4)
  6 leopard geckos
  29 orcs
  8 giant cockroaches
  6 goblins
  10 hobgoblins
  7 jackals
  14 kobolds
  3 quokkas
  A ball python (D:3)
  11 bats
  6 frilled lizards
  2 jackal skeletons (D:5)
  A jackal zombie (D:5)
  A leopard gecko skeleton (D:4)
  A leopard gecko zombie (D:8)
  A quokka skeleton (D:8)
  9 rats
  A bush (Lair:1)
319 creatures vanquished.

Vanquished Creatures (collateral kills)
  Gastronok (Lair:2)
  The ghost of Ofiy the Covert, a journeyman OpAs of Fedhas (Lair:1)
  The ghost of inmateoo the Fighter, a journeyman FeFi of Makhleb (Lair:1)
  4 yaks (Lair:4)
  A water moccasin zombie (D:10)
  3 killer bees (D:10)
11 creatures vanquished.

Vanquished Creatures (others)
  A slave (D:5)
  A shadow imp (D:5)
  3 bushes (Lair:1)
  5 fungi (D:7)
  3 plants (Lair:1)
13 creatures vanquished.

Grand Total: 343 creatures vanquished

Notes
Turn   | Place    | Note
-------+----------+-------------------------------------------
     0 | D:1      | Gwenloh the Ghoul Berserker began the quest for the Orb.
     0 | D:1      | Reached XP level 1. HP: 19/19 MP: 0/0
   101 | D:1      | Reached XP level 2. HP: 26/26 MP: 1/1
   803 | D:1      | Reached XP level 3. HP: 33/33 MP: 2/2
   939 | D:2      | Reached ** piety under Trog
  1379 | D:2      | Found a faded altar of an unknown god.
  1870 | D:3      | Reached skill level 4 in Fighting
  1870 | D:3      | Reached XP level 4. HP: 17/40 MP: 3/3
  2613 | D:3      | Reached XP level 5. HP: 39/47 MP: 4/4
  3578 | D:4      | Reached XP level 6. HP: 55/55 MP: 5/5
  3797 | D:4      | Reached skill level 5 in Fighting
  3943 | D:4      | Noticed a hungry ghost
  3969 | D:4      | Killed a hungry ghost
  3969 | D:4      | Reached XP level 7. HP: 50/61 MP: 6/6
  3979 | D:4      | Found a runed translucent door.
  4073 | D:4      | Reached *** piety under Trog
  4157 | D:4      | Noticed Stelteck's ghost (novice KoHu)
  4194 | D:5      | Entered Level 5 of the Dungeon
  4233 | D:5      | Reached skill level 1 in Shields
  4273 | D:5      | Noticed Pikel
  4302 | D:5      | Killed Pikel
  4302 | D:5      | Reached skill level 6 in Fighting
  4302 | D:5      | Reached skill level 5 in Maces & Flails
  4302 | D:5      | Reached XP level 8. HP: 40/71 MP: 7/7
  4446 | D:5      | Found a shadowy altar of Dithmenos.
  4468 | D:5      | Reached skill level 7 in Fighting
  4710 | D:5      | Found Joloaj's Jewellery Boutique.
  4747 | D:5      | Found a shattered altar of Ashenzari.
  5015 | D:6      | Found an ancient bone altar of Kikubaaqudgha.
  5023 | D:6      | Found an ornate altar of the Wu Jian Council.
  5079 | D:6      | Reached XP level 9. HP: 76/79 MP: 8/8
  5133 | D:6      | Noticed Blork the orc
  5145 | D:6      | Killed Blork the orc
  5222 | D:6      | Found a staircase to the Ecumenical Temple.
  5291 | D:6      | Noticed Prince Ribbit
  5302 | D:6      | Killed Prince Ribbit
  5481 | D:6      | Found a basalt altar of Yredelemnul.
  5676 | D:6      | Found a shimmering blue altar of Sif Muna.
  6048 | D:7      | Reached skill level 8 in Fighting
  6146 | D:7      | Reached **** piety under Trog
  6343 | D:7      | Found a sparkling altar of Nemelex Xobeh.
  6344 | D:7      | Found a hide-covered altar of Uskayaw.
  6345 | D:7      | Noticed Menkaure
  6361 | D:7      | Killed Menkaure
  6923 | D:7      | Reached skill level 5 in Dodging
  6944 | D:7      | Reached skill level 5 in Armour
  7316 | D:8      | Noticed Grum
  7344 | D:7      | Reached XP level 10. HP: 48/88 MP: 9/9
  7417 | D:7      | Reached skill level 9 in Fighting
  7559 | D:7      | Killed Grum
  7893 | D:8      | Found a glowing silver altar of Zin.
  8041 | D:8      | Reached ***** piety under Trog
  8422 | D:8      | Found Waudie's Food Boutique.
  8822 | D:9      | Found Usiz's Antique Armour Shoppe.
  8828 | D:9      | Bought a pair of embroidered boots for 202 gold pieces
  8828 | D:9      | Bought a runed buckler for 202 gold pieces
  8997 | D:9      | Found a glowing golden altar of the Shining One.
  9117 | D:9      | Found a snail-covered altar of Cheibriados.
  9410 | D:10     | Entered Level 10 of the Dungeon
  9890 | D:10     | Reached skill level 10 in Fighting
  9923 | D:10     | HP: 2/93 [yak (12)]
  9932 | D:10     | Reached skill level 5 in Shields
 10135 | D:10     | Found a staircase to the Lair.
 10218 | D:10     | Reached XP level 11. HP: 100/100 MP: 10/10
 11286 | Lair:1   | Entered Level 1 of the Lair of Beasts
 11336 | Lair:1   | Noticed an oklob plant
 11675 | Lair:1   | Reached skill level 11 in Fighting
 11840 | Lair:1   | Received a gift from Trog
 12115 | Lair:1   | Found a runed translucent gate.
 12115 | Lair:1   | Found a runed translucent gate.
 12116 | Lair:1   | Found a runed translucent gate.
 12120 | Lair:1   | Noticed inmateoo's ghost (journeyman FeFi)
 12120 | Lair:1   | Noticed Ofiy's ghost (journeyman OpAs)
 12618 | Lair:1   | Killed inmateoo's ghost
 12636 | Lair:1   | Killed Ofiy's ghost
 12636 | Lair:1   | Reached XP level 12. HP: 109/109 MP: 11/11
 12867 | Lair:2   | Reached skill level 10 in Maces & Flails
 12996 | Lair:2   | Noticed Gastronok
 13005 | Lair:2   | Killed Gastronok
 13100 | Lair:2   | Noticed Nergalle
 13125 | Lair:2   | Killed Nergalle
 13125 | Lair:2   | Reached skill level 12 in Fighting
 14208 | Lair:3   | Found a hole to the Spider Nest.
 14691 | Lair:4   | Noticed a catoblepas
 14722 | Lair:4   | Killed a catoblepas
 15028 | Lair:4   | HP: 4/113 [blink frog (10)]
 15047 | Lair:3   | HP: 1/113 [blink frog (10)]
 15269 | Lair:4   | HP: 2/113 [hell rat (10)]
 15270 | Lair:4   | Slain by a blink frog

Illustrated notes

Levels and vault maps discovered:
D:1:      dpeg_arrival_tiny_k, layout_basic, bh_walls_and_bars
D:2:      layout_basic, chequers_ecumenical_altar_island
D:3:      layout_rooms
D:4:      layout_basic, ebering_ghost_sewer_d, gup_sewer_entry_bowl,
          skrybe_limestone_x, chequers_avenue
D:5:      layout_cave_pools, grunt_dithmenos_smoke, first_ration, serial_shops,
          nicolae_shop_competitors_out_of_business, ashenzari_altar_1,
          uniq_pikel
D:6:      layout_basic, lemuel_round_altar, overflow_temple_1_default,
          marbit_many_paths, minmay_temple_entry_mist, led_sif_pool,
          uniq_prince_ribbit1, uniq_blork_the_orc
D:7:      lemuel_slime, layout_loops_corners, grunt_temple_overflow_open,
          uniq_menkaure
D:8:      layout_cave_pools, zin_statuary, serial_shops, shop, uniq_grum
D:9:      layout_stronghold, nicolae_overflow_crystal_walls, old_standard_altar,
          serial_shops, kennysheep_mini
D:10:     layout_basic, lair_entry_dummy
Lair:1:   layout_roguey, gammafunk_ghost_cemetery, minmay_hedge_maze,
          chequers_serial_rivers_small_3, st_stairs_11, minmay_lair_oklob_bushes
Lair:2:   layout_gridlike, lemuel_fruit_tree, uniq_gastronok, uniq_nergalle
Lair:3:   layout_regular_city, dummy_spider_entry
Lair:4:   layout_big_grid, swamp_mist

Skill      XL: |  1  2  3  4  5  6  7  8  9 10 11 12 |
---------------+-------------------------------------+-----
Armour         | 2 3 4 5 6 7 |  7.6
Maces & Flails | 3 4 5 6 7 8 9 10 | 10.8
Dodging        | 2 3 4 5 6 7 |  7.7
Fighting       | 4 5 6 7 8 10 11 12 | 12.6
Shields        | 2 4 5 6 7 |  7.0

Action                   |  1- 3 |  4- 6 |  7- 9 | 10-12 || total
-------------------------+-------+-------+-------+-------++-------
Melee: Mace              |     8 |       |       |       ||     8
       Whip              |   172 |   218 |   351 |   518 ||  1259
       Morningstar       |       |    21 |       |       ||    21
       Flail             |       |       |       |   444 ||   444
Throw: Stone             |    67 |    62 |    75 |   149 ||   353
       Boomerang         |       |    17 |    41 |       ||    58
       Dart              |       |       |       |    74 ||    74
Invok: Trog's Hand       |       |     3 |     3 |       ||     6
       Brothers in Arms  |       |       |       |     4 ||     4
  Use: Scroll            |       |     5 |       |    12 ||    17
       Potion            |       |       |       |     1 ||     1
  Eat: Chunk             |     7 |    10 |    13 |    62 ||    92
       Ration            |       |     1 |       |       ||     1
Armor: Scale mail        |    78 |    87 |   106 |    50 ||   321
       Chain mail        |       |       |       |   224 ||   224
Dodge: Dodged            |    93 |   130 |   119 |   326 ||   668
Block: Buckler           |       |     1 |    43 |    54 ||    98
       Kite shield       |       |       |       |   362 ||   362

Table legend:
 A = Non-vault XP
 B = Vault XP
 C = Vault XP percentage of total XP
 D = Non-vault monster count
 E = Vault monster count
 F = Vault count percentage of total count
                 A         B        C        D         E       F
            +---------+---------+-------+---------+---------+-------
      Total |   24711 |    5747 |  18.9 |     293 |      36 |  10.9
            +---------+---------+-------+---------+---------+-------
        D:1 |      35 |       0 |   0.0 |      24 |       0 |   0.0
        D:2 |      49 |       0 |   0.0 |      25 |       0 |   0.0
        D:3 |     143 |       0 |   0.0 |      22 |       0 |   0.0
        D:4 |     429 |      22 |   4.9 |      15 |       4 |  21.1
        D:5 |     895 |     607 |  40.4 |      17 |       1 |   5.6
        D:6 |     433 |     362 |  45.5 |      10 |       2 |  16.7
        D:7 |    1155 |    1339 |  53.7 |      26 |      23 |  46.9
        D:8 |     716 |       0 |   0.0 |      25 |       0 |   0.0
        D:9 |     605 |       0 |   0.0 |      11 |       0 |   0.0
       D:10 |    5277 |       0 |   0.0 |      53 |       0 |   0.0
     Lair:1 |    5179 |    1378 |  21.0 |      24 |       4 |  14.3
     Lair:2 |    2398 |    2039 |  46.0 |       8 |       2 |  20.0
     Lair:3 |    2775 |       0 |   0.0 |      14 |       0 |   0.0
     Lair:4 |    4622 |       0 |   0.0 |      19 |       0 |   0.0
            +---------+---------+-------+---------+---------+-------
